[Event "ICC tourney 2603 (40 5)"]
[Site "Internet Chess Club"]
[Date "2021.06.12"]
[Round "2"]
[White "XIA, CHENXIANG:K05-16930170"]
[Black "KURUP, SIDDHARTH:K05-16282415"]
[Result "0-1"]
[ICCResult "White checkmated"]
[WhiteElo "1084"]
[BlackElo "1528"]
[Opening "QGD semi-Slav: Botvinnik system (anti-Meran)"]
[ECO "D44"]
[NIC "SL.07"]
[Time "14:00:35"]
[PlyCount "54"]
[TimeControl "2400+5"]

1. d4 d5 2. c4 c6 3. Nc3 Nf6 4. Nf3 e6 5. Bg5 dxc4 6. e4 b5 7. e5 h6 8.
exf6 hxg5 9. fxg7 Bxg7 10. Be2 Bb7 11. a4 a6 12. axb5 cxb5 13. O-O Nc6 14.
Qd2 g4 15. Ne5 Nxe5 16. Qf4 Ng6 17. Qxg4 Qxd4 18. Rad1 Qxg4 19. Bxg4 f5 20.
Bh3 Nf4 21. Rfe1 Nxh3+ 22. gxh3 Bxc3 23. Rxe6+ Kf7 24. Rb6 Rhg8+ 25. Kf1
Bg2+ 26. Ke2 Rae8+ 27. Re6 Rxe6# { White checkmated } 0-1

[Event "ICC tourney 2603 (40 5)"]
[Site "Internet Chess Club"]
[Date "2021.06.12"]
[Round "2"]
[White "SELVAM, SWAGATHA:K05-16203181"]
[Black "VEMPARALA, NIKASH:K05-16438800"]
[Result "0-1"]
[ICCResult "White checkmated"]
[WhiteElo "1289"]
[BlackElo "1684"]
[Opening "QGD Slav: Winawer counter-gambit"]
[ECO "D10"]
[NIC "SL.01"]
[Time "14:00:50"]
[PlyCount "48"]
[TimeControl "2400+5"]

1. d4 d5 2. c4 c6 3. Nc3 e5 4. cxd5 cxd5 5. dxe5 d4 6. Nb5 Qa5+ 7. Bd2 Qxb5
8. Nf3 Nc6 9. e3 Qd5 10. exd4 Nxd4 11. Qa4+ Nc6 12. Bc4 Qe4+ 13. Be3 Bb4+
14. Nd2 Qxc4 15. Qd1 Nxe5 16. a3 Nd3+ 17. Kf1 Bxd2 18. Qxd2 Nf4+ 19. Ke1
Nxg2+ 20. Kd1 Bg4+ 21. f3 Bxf3+ 22. Qe2 Bxe2+ 23. Kd2 Rd8+ 24. Bd4 Rxd4# {
White checkmated } 0-1

[Event "ICC tourney 2603 (40 5)"]
[Site "Internet Chess Club"]
[Date "2021.06.12"]
[Round "2"]
[White "BIRD, BRIAN:K05-15768143"]
[Black "TESSIORE, LUCA GIORGIO:K05-17347744"]
[Result "0-1"]
[ICCResult "White resigns"]
[WhiteElo "1531"]
[BlackElo "1914"]
[Opening "Nimzovich-Larsen attack: modern variation"]
[ECO "A01"]
[NIC "VO.08"]
[Time "14:00:36"]
[PlyCount "46"]
[TimeControl "2400+5"]

1. b3 e5 2. Bb2 Nc6 3. e3 d5 4. Bb5 Bd6 5. Nf3 Qe7 6. O-O Nf6 7. d4 exd4 8.
Nxd4 O-O 9. Bxc6 Qe5 10. g3 bxc6 11. c3 c5 12. Nf3 Qh5 13. Nbd2 Bg4 14. c4
Ne4 15. cxd5 Nxd2 16. Qxd2 Bxf3 17. Qc3 f6 18. h4 Qg4 19. e4 Bxg3 20. Qxf3
Qxf3 21. fxg3 Qxg3+ 22. Kh1 Qxh4+ 23. Kg1 Rae8 { White resigns } 0-1

[Event "ICC tourney 2603 (40 5)"]
[Site "Internet Chess Club"]
[Date "2021.06.12"]
[Round "2"]
[White "JAIN, KANISHK:K05-16575412"]
[Black "ZIEGLER, NATE:K05-15967852"]
[Result "0-1"]
[ICCResult "White resigns"]
[WhiteElo "537"]
[BlackElo "1873"]
[Opening "Caro-Kann: advance variation"]
[ECO "B12"]
[NIC "CK.04"]
[Time "14:02:41"]
[PlyCount "72"]
[TimeControl "2400+5"]

1. e4 c6 2. d4 d5 3. e5 Bf5 4. Nf3 e6 5. Bd3 Bxd3 6. Qxd3 c5 7. c3 Nc6 8.
Be3 Qb6 9. Nbd2 cxd4 10. Nxd4 Nxe5 11. Qc2 Qa6 12. a4 Bd6 13. Nb5 Ne7 14.
h3 Nf5 15. O-O O-O 16. b4 Nxe3 17. fxe3 Rac8 18. e4 Bxb4 19. exd5 exd5 20.
Qf5 Bc5+ 21. Kh1 Bd6 22. Nf3 Rce8 23. Ng5 g6 24. Qf6 Bb8 25. Qf2 h6 26. Nf3
Nxf3 27. gxf3 Qc6 28. Rg1 a6 29. Nd4 Qxc3 30. Rac1 Qe3 31. Qh4 Qf4 32. Qf2
Ba7 33. Rcd1 Re4 34. Rg4 Qf6 35. Rxe4 dxe4 36. f4 Rd8 { White resigns } 0-1

[Event "ICC tourney 2603 (40 5)"]
[Site "Internet Chess Club"]
[Date "2021.06.12"]
[Round "2"]
[White "LI, JINGTU OSCAR:K05-16113408"]
[Black "YAO, HANCHI:K05-16512998"]
[Result "1/2-1/2"]
[ICCResult "Game drawn by mutual agreement"]
[WhiteElo "1449"]
[BlackElo "1636"]
[Opening "Kevitz-Trajkovich defense"]
[ECO "A50"]
[NIC "QP.07"]
[Time "14:00:47"]
[PlyCount "54"]
[TimeControl "2400+5"]

1. d4 Nf6 2. c4 Nc6 3. Nf3 e6 4. e3 Bb4+ 5. Bd2 Bxd2+ 6. Nbxd2 O-O 7. Bd3
d5 8. O-O Ne7 9. Ne5 Ng6 10. Nxg6 hxg6 11. Rc1 Re8 12. Nf3 c6 13. Ne5 Ne4
14. Bxe4 dxe4 15. Qg4 f6 16. Nxg6 e5 17. Qxe4 Qd6 18. Nh4 f5 19. Nxf5 Bxf5
20. Qxf5 exd4 21. exd4 Qxd4 22. Qc2 Re7 23. h3 Rae8 24. Qc3 Qf4 25. Rfe1
Rxe1+ 26. Rxe1 Rxe1+ 27. Qxe1 Qxc4 { Game drawn by mutual agreement }
1/2-1/2

[Event "ICC tourney 2603 (40 5)"]
[Site "Internet Chess Club"]
[Date "2021.06.12"]
[Round "2"]
[White "KANG, DYLAN TAEWOONG:K05-16103622"]
[Black "KASHYAP, MAHATIB:K05-16792961"]
[Result "1-0"]
[ICCResult "Black resigns"]
[WhiteElo "1601"]
[BlackElo "1033"]
[Opening "Queen's pawn, Mason variation"]
[ECO "D00"]
[NIC "QP.08"]
[Time "14:00:41"]
[PlyCount "51"]
[TimeControl "2400+5"]

1. d4 d5 2. Bf4 Bf5 3. c4 e6 4. Qb3 b6 5. e3 Nf6 6. Nc3 Be7 7. Nf3 c5 8.
Nb5 Na6 9. Qa4 Nb4 10. Rc1 O-O 11. Be2 Nd3+ 12. Bxd3 Bxd3 13. Ne5 Bf5 14.
O-O a6 15. Nc3 dxc4 16. Qxc4 b5 17. Qe2 cxd4 18. Rfd1 Qb6 19. Rxd4 Bc5 20.
Rdd1 Rfd8 21. Bg5 Kh8 22. Nxf7+ Kg8 23. Nxd8 Rxd8 24. h3 Be7 25. e4 Bg6 26.
e5 { Black resigns } 1-0

[Event "ICC tourney 2603 (40 5)"]
[Site "Internet Chess Club"]
[Date "2021.06.12"]
[Round "2"]
[White "KONG, MILOJAMES:K05-16203724"]
[Black "KONDABATHINI, NAMISH:K05-16992657"]
[Result "1-0"]
[ICCResult "Black resigns"]
[WhiteElo "1570"]
[BlackElo "1076"]
[Opening "Caro-Kann: Panov-Botvinnik attack"]
[ECO "B13"]
[NIC "CK.03"]
[Time "14:00:46"]
[PlyCount "125"]
[TimeControl "2400+5"]

1. e4 c6 2. d4 d5 3. exd5 cxd5 4. c4 Nf6 5. Nc3 Nc6 6. Nf3 e6 7. Be2 Be7 8.
O-O O-O 9. Bf4 b6 10. Re1 Bb7 11. Rc1 dxc4 12. Bxc4 Rc8 13. Bb3 Na5 14. Bc2
Bd6 15. Bg5 h6 16. Bh4 Be7 17. Qd3 g6 18. Ne5 Qe8 19. Re3 Nc6 20. Rg3 Nxe5
21. dxe5 Nd5 22. Nxd5 Bxd5 23. Bxe7 Qxe7 24. Qe3 Kg7 25. Rh3 Qg5 26. Qxg5
hxg5 27. Rg3 Be4 28. Rc3 Rxc3 29. bxc3 Bxc2 30. Rxc2 Rd8 31. f3 Rd5 32. Kf2
Rxe5 33. c4 Kf6 34. a4 Ra5 35. Ra2 Rc5 36. Rc2 Ke5 37. Ke3 Rc8 38. g3 Kd6
39. Kd4 e5+ 40. Ke4 f5+ 41. Kd3 Kc5 42. Rb2 Rd8+ 43. Kc3 Rd1 44. Rb5+ Kc6
45. Rxe5 Rd6 46. a5 Kd7 47. a6 Re6 48. Rxe6 Kxe6 49. Kb4 Kd6 50. Kb5 Ke5
51. Kc6 Kd4 52. Kb7 Kxc4 53. Kxa7 b5 54. Kb7 b4 55. a7 b3 56. a8=Q b2 57.
Qg8+ Kc3 58. Qc8+ Kd2 59. Qd7+ Ke1 60. Qb5 Kf2 61. Qxb2+ Kg1 62. h4 gxh4
63. gxh4 { Black resigns } 1-0

[Event "ICC tourney 2603 (40 5)"]
[Site "Internet Chess Club"]
[Date "2021.06.12"]
[Round "2"]
[White "LIU, ERIC CHANG:K05-16650666"]
[Black "ROY, AYUSH:K05-16710940"]
[Result "1-0"]
[ICCResult "Black checkmated"]
[WhiteElo "2045"]
[BlackElo "1547"]
[Opening "Sicilian: Taimanov variation"]
[ECO "B45"]
[NIC "SI.39"]
[Time "14:00:40"]
[PlyCount "125"]
[TimeControl "2400+5"]

1. e4 c5 2. Nf3 Nc6 3. d4 cxd4 4. Nxd4 e6 5. Nc3 Nf6 6. Ndb5 d6 7. Bf4 e5
8. Bg5 h6 9. Bxf6 gxf6 10. Nd5 Be6 11. Nbc7+ Kd7 12. Nxa8 Qxa8 13. Nxf6+
Ke7 14. Nd5+ Kd7 15. c3 Be7 16. Nxe7 Nxe7 17. Qa4+ Nc6 18. Bc4 Bxc4 19.
Qxc4 Qe8 20. O-O-O Ke7 21. Rd2 Qd7 22. Rhd1 Rd8 23. b4 a6 24. Qe2 Qc7 25.
Kb1 Qd7 26. Qh5 Qe6 27. Qh4+ Ke8 28. Kb2 b5 29. Qh5 Ne7 30. g4 Rd7 31. g5
Kd8 32. Qxh6 Qxh6 33. gxh6 Kc7 34. h7 Ng6 35. Rg1 Rd8 36. h4 Rh8 37. h5 Nf8
38. Rg8 Rxh7 39. Rxf8 Rxh5 40. Rxf7+ Kc6 41. Rf6 Rh7 42. Rdxd6+ Kb7 43.
Rb6+ Kc7 44. Rfc6+ Kd8 45. Rb8+ Kd7 46. Rb7+ Kxc6 47. Rxh7 Kd6 48. Rh6+ Kc7
49. Rxa6 Kb7 50. Re6 Kc7 51. Rxe5 Kd6 52. Rxb5 Kc6 53. a4 Kd6 54. c4 Kc6
55. a5 Kc7 56. a6 Kc6 57. a7 Kc7 58. a8=Q Kd6 59. Rd5+ Ke6 60. Qe8+ Kf6 61.
Rf5+ Kg7 62. Qf7+ Kh8 63. Rh5# { Black checkmated } 1-0

[Event "ICC tourney 2603 (40 5)"]
[Site "Internet Chess Club"]
[Date "2021.06.12"]
[Round "2"]
[White "KAZAN, JUDE:K05-16350155"]
[Black "KESIREDDY, SAIKARUNYA:K05-16974321"]
[Result "1-0"]
[ICCResult "Black resigns"]
[WhiteElo "1712"]
[BlackElo "880"]
[Opening "Sicilian defense"]
[ECO "B20"]
[NIC "SI.48"]
[Time "14:00:46"]
[PlyCount "61"]
[TimeControl "2400+5"]

1. e4 c5 2. a3 e6 3. b4 cxb4 4. axb4 Bxb4 5. c3 Be7 6. d4 d5 7. e5 Bg5 8.
f4 Bh6 9. Nf3 g6 10. Na3 a6 11. Nb5 Bf8 12. Qa4 Nc6 13. Ba3 Bxa3 14. Qxa3
Nge7 15. Nd6+ Kf8 16. Ng5 Qd7 17. Ngxf7 Rg8 18. Nh6 Rg7 19. Ng4 Rb8 20. Nf6
Qd8 21. h4 h5 22. Bd3 Bd7 23. g4 hxg4 24. h5 gxh5 25. Rxh5 Ng8 26. Nxb7+
Qe7 27. Nxd7+ Ke8 28. Qxe7+ Kxe7 29. Nxb8 Nxb8 30. Nd6 g3 31. Rh7 { Black
resigns } 1-0

[Event "ICC tourney 2603 (40 5)"]
[Site "Internet Chess Club"]
[Date "2021.06.12"]
[Round "2"]
[White "RAJARAM, ROHAN:K05-15739716"]
[Black "SAKALIYSKI, CHRISTOPHER KIRILOV:K05-16115040"]
[Result "1-0"]
[ICCResult "Black checkmated"]
[WhiteElo "1905"]
[BlackElo "1345"]
[Opening "King's Indian: 5.Nf3"]
[ECO "E90"]
[NIC "KI.21"]
[Time "14:00:39"]
[PlyCount "101"]
[TimeControl "2400+5"]

1. d4 d6 2. c4 g6 3. Nf3 Bg7 4. Nc3 Nf6 5. e4 O-O 6. Bd3 Bg4 7. h3 Bxf3 8.
Qxf3 Nc6 9. Be3 Nd7 10. d5 Nce5 11. Qe2 Nxd3+ 12. Qxd3 Ne5 13. Qe2 c5 14.
O-O a6 15. a4 Qb6 16. f4 Nd7 17. a5 Qc7 18. Rf3 b6 19. axb6 Nxb6 20. Rg3
Bd4 21. Rf1 e6 22. Kh1 Bg7 23. f5 exf5 24. exf5 Qe7 25. Qd3 Nd7 26. Bg5 f6
27. Bd2 Ne5 28. Qe4 Rae8 29. Bf4 Qd7 30. fxg6 Nxg6 31. Qf3 Ne5 32. Qh5 Re7
33. Bh6 Kh8 34. Rf4 Ng6 35. Bxg7+ Rxg7 36. Rfg4 Kg8 37. Qh6 f5 38. Rg5 Rf6
39. h4 Rff7 40. h5 Nh4 41. Ne2 Qe7 42. Nf4 Rxg5 43. Rxg5+ Rg7 44. Rxg7+
Qxg7 45. Qe6+ Kh8 46. Qxd6 Qg8 47. Qf6+ Qg7 48. Qxh4 Qxb2 49. Qd8+ Kg7 50.
Ne6+ Kh6 51. Qg5# { Black checkmated } 1-0

[Event "ICC tourney 2603 (40 5)"]
[Site "Internet Chess Club"]
[Date "2021.06.12"]
[Round "2"]
[White "ADEWUMI, TANITOLUWA:K05-16649696"]
[Black "KRISHNAN, ASHVATH:K05-30042119"]
[Result "1-0"]
[ICCResult "Black checkmated"]
[WhiteElo "2223"]
[BlackElo "1138"]
[Opening "Giuoco Pianissimo"]
[ECO "C55"]
[NIC "IG.01"]
[Time "14:00:44"]
[PlyCount "87"]
[TimeControl "2400+5"]

1. e4 e5 2. Nf3 Nc6 3. Bc4 Nf6 4. d3 Bc5 5. c3 d6 6. O-O O-O 7. Re1 Bg4 8.
h3 Bh5 9. Nbd2 Re8 10. Nf1 h6 11. Ng3 Bg6 12. Be3 Bb6 13. Nh4 Bh7 14. Ngf5
Ne7 15. Nxh6+ gxh6 16. Bxh6 Ng6 17. Nf5 Ne7 18. Nxe7+ Qxe7 19. Qf3 d5 20.
exd5 Qd6 21. Qg3+ Bg6 22. d4 exd4 23. Bf4 Qc5 24. Bd3 Nh5 25. Qh4 Nxf4 26.
Qxf4 Bxd3 27. c4 Rxe1+ 28. Rxe1 Bg6 29. h4 Qd6 30. Qg5 Qd8 31. Qg3 Kf8 32.
h5 Bxh5 33. Qe5 Kg8 34. Qxh5 Qf6 35. Re5 Kf8 36. Rf5 Qg7 37. Rg5 Qf6 38.
Qh4 Ke7 39. Re5+ Kd7 40. Qxf6 Re8 41. Qxf7+ Kd6 42. Qxe8 Kc5 43. Qb5+ Kd6
44. Re6# { Black checkmated } 1-0

[Event "ICC tourney 2603 (40 5)"]
[Site "Internet Chess Club"]
[Date "2021.06.12"]
[Round "2"]
[White "SHANMUGAM, MEERA:K05-16606945"]
[Black "ARAVINDAKSHAN, SAHANA:K05-16741147"]
[Result "0-1"]
[ICCResult "White checkmated"]
[WhiteElo "1225"]
[BlackElo "1587"]
[Opening "Ruy Lopez: closed, Breyer, Borisenko variation"]
[ECO "C95"]
[NIC "RL.25"]
[Time "14:00:41"]
[PlyCount "92"]
[TimeControl "2400+5"]

1. e4 e5 2. Nf3 Nc6 3. Bb5 a6 4. Ba4 Nf6 5. O-O Be7 6. Re1 b5 7. Bb3 d6 8.
h3 O-O 9. c3 Nb8 10. d4 Nbd7 11. Bg5 Bb7 12. Nbd2 Re8 13. a4 Bf8 14. Qc2 h6
15. Bh4 g5 16. Bg3 Bg7 17. c4 bxc4 18. Qxc4 Re7 19. dxe5 dxe5 20. Rac1 c6
21. Qc3 Nh5 22. Nh2 Nxg3 23. Qxg3 Nb6 24. Red1 Qc7 25. Nhf3 Rd8 26. a5 Nd7
27. Nc4 Nc5 28. Bc2 f6 29. Rxd8+ Qxd8 30. Rd1 Rd7 31. Rxd7 Qxd7 32. Nb6 Qe7
33. b4 Ne6 34. Bb3 Kh8 35. h4 Nf4 36. hxg5 Ne2+ 37. Kh2 Nxg3 38. fxg3 hxg5
39. Kh3 Bf8 40. Bc2 Qh7+ 41. Nh4 gxh4 42. gxh4 Bxb4 43. Nc4 Bc8+ 44. Kh2
Qxh4+ 45. Kg1 Bc5+ 46. Kf1 Qf2# { White checkmated } 0-1

[Event "ICC tourney 2603 (40 5)"]
[Site "Internet Chess Club"]
[Date "2021.06.12"]
[Round "2"]
[White "RALLABANDI, SAHASRAK:K05-16751997"]
[Black "KANNAN, VIJAY:K05-16132744"]
[Result "0-1"]
[ICCResult "White checkmated"]
[WhiteElo "1306"]
[BlackElo "1618"]
[Opening "Sicilian defense"]
[ECO "B44"]
[NIC "SI.39"]
[Time "14:00:44"]
[PlyCount "64"]
[TimeControl "2400+5"]

1. e4 c5 2. Nf3 e6 3. d4 cxd4 4. Nxd4 Nc6 5. Be3 Nf6 6. Nc3 Bb4 7. Bd3 d5
8. f3 O-O 9. O-O Bc5 10. e5 Nxe5 11. Nce2 Nxd3 12. Qxd3 Qb6 13. Bf2 Bd7 14.
Nb3 Bxf2+ 15. Rxf2 Bb5 16. Qd2 e5 17. Rf1 e4 18. Nbd4 e3 19. Qxe3 Rfe8 20.
Qd2 Bxe2 21. Nxe2 Re7 22. Kh1 Rae8 23. Nf4 d4 24. c3 dxc3 25. Qxc3 Qxf2 26.
Rg1 Re1 27. Nh3 Rxg1+ 28. Nxg1 h6 29. h3 Re1 30. Qc8+ Kh7 31. Qf5+ g6 32.
Qxf6 Qxg1# { White checkmated } 0-1

[Event "ICC tourney 2603 (40 5)"]
[Site "Internet Chess Club"]
[Date "2021.06.12"]
[Round "2"]
[White "PRASANNA, KEVIN FRANCO:K05-15771571"]
[Black "RAO, ANJANEYA SRIPATHY:K05-16442373"]
[Result "0-1"]
[ICCResult "White resigns"]
[WhiteElo "1346"]
[BlackElo "1898"]
[Opening "Sicilian defense"]
[ECO "B34"]
[NIC "SI.34"]
[Time "14:00:47"]
[PlyCount "102"]
[TimeControl "2400+5"]

1. e4 c5 2. Nf3 Nc6 3. d4 cxd4 4. Nxd4 Nf6 5. Nc3 g6 6. Be3 Bg7 7. Bb5 O-O
8. Nxc6 dxc6 9. Qxd8 Rxd8 10. Bd3 Ng4 11. Bd2 Ne5 12. Be2 Be6 13. Be3 Nc4
14. Bxc4 Bxc4 15. Bd2 Rd7 16. O-O-O Rad8 17. a3 b5 18. Be3 Bd4 19. Rxd4
Rxd4 20. Bxd4 Rxd4 21. Rd1 e5 22. b3 Rxd1+ 23. Kxd1 Be6 24. Ke2 f5 25. f3
Kf7 26. a4 b4 27. Na2 a5 28. Nc1 Ke7 29. Nd3 Kd6 30. Ke3 f4+ 31. Kd2 c5 32.
Nc1 Bc8 33. c3 Ba6 34. c4 Bc8 35. h4 h6 36. Nd3 Be6 37. Ke2 Bf7 38. Nf2 Be6
39. Kf1 g5 40. hxg5 hxg5 41. Kg1 Bf7 42. Nh3 Bxc4 43. Nxg5 Bxb3 44. Kf2
Bxa4 45. Nf7+ Ke6 46. Nd8+ Ke7 47. Nb7 b3 48. Nxc5 b2 49. Nxa4 b1=Q 50. Nc3
Qc2+ 51. Ne2 a4 { White resigns } 0-1

[Event "ICC tourney 2603 (40 5)"]
[Site "Internet Chess Club"]
[Date "2021.06.12"]
[Round "2"]
[White "ZHUANG, KYLE:K05-16368295"]
[Black "MORITANI, SHO:K05-16760848"]
[Result "0-1"]
[ICCResult "White resigns"]
[WhiteElo "1637"]
[BlackElo "1456"]
[Opening "Sicilian: closed, 2...Nc6"]
[ECO "B23"]
[NIC "SI.44"]
[Time "14:00:46"]
[PlyCount "142"]
[TimeControl "2400+5"]

1. e4 c5 2. Nc3 Nc6 3. Bb5 Nd4 4. Bc4 e6 5. Nf3 a6 6. a4 Ne7 7. d3 Nec6 8.
O-O d6 9. Bg5 Nxf3+ 10. Qxf3 Qxg5 11. Qe2 Nd4 12. Qd1 Qd8 13. f4 Be7 14.
Qg4 Bf6 15. Qg3 Qc7 16. Rac1 Rb8 17. Rfe1 b5 18. axb5 axb5 19. Ba2 O-O 20.
e5 Be7 21. Ne4 dxe5 22. fxe5 Kh8 23. c3 Nf5 24. Qf4 Ra8 25. Bb1 f6 26. Qf3
fxe5 27. Rf1 Bb7 28. Qe2 Nd6 29. d4 Nxe4 30. Bxe4 Bxe4 31. Qxe4 Bg5 32.
Rcd1 exd4 33. cxd4 cxd4 34. Qxd4 Bf6 35. Qb4 Qb6+ 36. Kh1 Rfd8 37. Ra1 Rxa1
38. Rxa1 h6 39. Re1 e5 40. Qe4 Qd4 41. Qe2 Qd2 42. Kg1 Qxe2 43. Rxe2 Kg8
44. Kf2 Kf7 45. Rc2 Ke6 46. Ke2 Rd5 47. Ke3 Bg5+ 48. Ke2 Kf5 49. g3 Ke4 50.
h4 Rd2+ 51. Rxd2 Bxd2 52. Kxd2 Kf3 53. Kc3 e4 54. Kb4 e3 55. Kxb5 e2 56.
Ka5 e1=Q+ 57. b4 Kxg3 58. Ka4 Qxb4+ 59. Kxb4 Kxh4 60. Kc4 Kg3 61. Kd4 h5
62. Ke5 h4 63. Kf5 h3 64. Kg6 h2 65. Kxg7 h1=Q 66. Kf6 Qf3+ 67. Kg5 Qf4+
68. Kh5 Qg4+ 69. Kh6 Kf4 70. Kh7 Kf5 71. Kh8 Kf6 { White resigns } 0-1

[Event "ICC tourney 2603 (40 5)"]
[Site "Internet Chess Club"]
[Date "2021.06.12"]
[Round "2"]
[White "MARIAN, AARON:K05-15799497"]
[Black "JIANG, LUCAS:K05-16314627"]
[Result "1-0"]
[ICCResult "Black forfeits on time"]
[WhiteElo "1400"]
[BlackElo "1953"]
[Opening "Ruy Lopez: exchange variation, 5.O-O"]
[ECO "C68"]
[NIC "RL.08"]
[Time "14:00:48"]
[PlyCount "57"]
[TimeControl "2400+5"]

1. e4 e5 2. Nf3 Nc6 3. Bb5 a6 4. Bxc6 dxc6 5. O-O Bd6 6. c4 c5 7. Nc3 Ne7
8. d3 O-O 9. Ne2 h6 10. Ng3 Nc6 11. b3 Nd4 12. Nxd4 cxd4 13. f4 exf4 14.
Bxf4 Bxf4 15. Rxf4 b5 16. Qf3 Be6 17. Rf1 bxc4 18. bxc4 Rb8 19. e5 Rb2 20.
h4 Kh8 21. Nh5 Rg8 22. Rf2 Rb1+ 23. Kh2 c5 24. g3 Qc7 25. Nf6 gxf6 26. Rxf6
Rg7 27. Rxh6+ Kg8 28. Qh5 Kf8 29. Rxe6 { Black forfeits on time } 1-0

[Event "ICC tourney 2603 (40 5)"]
[Site "Internet Chess Club"]
[Date "2021.06.12"]
[Round "2"]
[White "XIA, RUOXIAO:K05-16025390"]
[Black "SASTRY, ARUSH:K05-30017444"]
[Result "1-0"]
[ICCResult "Black checkmated"]
[WhiteElo "1921"]
[BlackElo "1358"]
[Opening "QGD Slav defense"]
[ECO "D10"]
[NIC "SL.01"]
[Time "14:00:48"]
[PlyCount "67"]
[TimeControl "2400+5"]

1. d4 d5 2. c4 c6 3. Nc3 Nf6 4. cxd5 cxd5 5. Bf4 Nc6 6. e3 e6 7. Bb5 Bd7 8.
Nf3 a6 9. Bd3 Be7 10. O-O O-O 11. a3 b5 12. b4 a5 13. bxa5 Qxa5 14. Nxb5
Na7 15. a4 Ne4 16. Ne5 Be8 17. f3 Nc3 18. Qc2 Naxb5 19. axb5 Qxa1 20. Rxa1
Rxa1+ 21. Bf1 Nxb5 22. Nc6 Bxc6 23. Qxc6 Na7 24. Qd7 Bb4 25. g3 Rc8 26. e4
dxe4 27. fxe4 f6 28. Qxe6+ Kf8 29. d5 Rd8 30. d6 Rd1 31. Qe7+ Kg8 32. Qxd8+
Kf7 33. Qe7+ Kg8 34. Qe8# { Black checkmated } 1-0

[Event "ICC tourney 2603 (40 5)"]
[Site "Internet Chess Club"]
[Date "2021.06.12"]
[Round "2"]
[White "LIU, NATHAN CHANG:K05-16650672"]
[Black "BEAR, NICHOLAS D:K05-16056078"]
[Result "1/2-1/2"]
[ICCResult "White stalemated"]
[WhiteElo "1531"]
[BlackElo "1714"]
[Opening "Sicilian: Canal-Sokolsky attack, 3...Bd7"]
[ECO "B52"]
[NIC "SI.01"]
[Time "14:01:06"]
[PlyCount "148"]
[TimeControl "2400+5"]

1. e4 c5 2. Nf3 d6 3. Bb5+ Bd7 4. Bxd7+ Nxd7 5. O-O Ngf6 6. d3 g6 7. Nc3
Bg7 8. h3 O-O 9. Bf4 Rb8 10. Bh2 Ne8 11. d4 cxd4 12. Nxd4 a6 13. Rb1 Nef6
14. b4 Qc7 15. Nde2 b5 16. a4 Qc4 17. axb5 axb5 18. f3 Rfc8 19. Qd3 Rc6 20.
Qxc4 Rxc4 21. Rb3 Ne8 22. Nd5 Kf8 23. c3 Ra8 24. Ne3 Rc6 25. Nd4 Bxd4 26.
cxd4 Ra4 27. Nd5 Nc7 28. Ne3 Na6 29. Rfb1 Nb6 30. Bg3 Nc4 31. Nd5 Nd2 32.
Nc3 Nxb3 33. Nxa4 Rc1+ 34. Rxc1 Nxc1 35. Nc3 Nxb4 36. Nxb5 Ne2+ 37. Kf2
Nxg3 38. Kxg3 Ke8 39. Kg4 h6 40. h4 Kd7 41. d5 Nd3 42. f4 Nf2+ 43. Kf3 Nd3
44. g3 Nc5 45. Nd4 e6 46. dxe6+ Nxe6 47. Nxe6 Kxe6 48. Ke3 f5 49. Kd4 fxe4
50. Kxe4 d5+ 51. Kd4 h5 52. Kc5 Kf5 53. Kxd5 Kg4 54. Ke5 Kxg3 55. f5 gxf5
56. Kxf5 Kxh4 57. Kf4 Kh3 58. Kf3 Kh2 59. Kf2 h4 60. Kf1 Kg3 61. Kg1 h3 62.
Kh1 Kh4 63. Kh2 Kg4 64. Kh1 Kg3 65. Kg1 Kf4 66. Kh1 Kg4 67. Kh2 Kh4 68. Kh1
Kg3 69. Kg1 Kg4 70. Kh1 Kf4 71. Kh2 Kg4 72. Kh1 Kf3 73. Kg1 Kg3 74. Kh1 h2
{ White stalemated } 1/2-1/2

[Event "ICC tourney 2603 (40 5)"]
[Site "Internet Chess Club"]
[Date "2021.06.12"]
[Round "2"]
[White "GOLSEFIDY, SEPEHR:K05-16686975"]
[Black "CHANG, LUCA:K05-16081600"]
[Result "1-0"]
[ICCResult "Black forfeits on time"]
[WhiteElo "1882"]
[BlackElo "1533"]
[Opening "Sicilian: Nimzovich-Rossolimo attack (without ...d6)"]
[ECO "B30"]
[NIC "SI.31"]
[Time "14:00:36"]
[PlyCount "47"]
[TimeControl "2400+5"]

1. e4 c5 2. Nf3 Nc6 3. Bb5 e6 4. c3 Nf6 5. Qe2 Be7 6. d4 O-O 7. O-O cxd4 8.
cxd4 d5 9. e5 Ne4 10. Bd3 Ng5 11. Nxg5 Bxg5 12. Qh5 h6 13. f4 Bh4 14. g4
Nb4 15. Be2 Be7 16. g5 Bd7 17. a3 Nc2 18. Bd3 Nxd4 19. gxh6 Nf5 20. Bxf5
exf5 21. hxg7 Kxg7 22. Kh1 Bc5 23. Rf3 Rg8 24. b4 { Black forfeits on time
} 1-0

[Event "ICC tourney 2603 (40 5)"]
[Site "Internet Chess Club"]
[Date "2021.06.12"]
[Round "2"]
[White "YANG, ALEXANDER:K05-16917728"]
[Black "WANG, ALEXANDER J:K05-15983386"]
[Result "0-1"]
[ICCResult "White forfeits on time"]
[WhiteElo "1495"]
[BlackElo "2124"]
[Opening "QGD: Tarrasch defense"]
[ECO "D32"]
[NIC "TD.10"]
[Time "14:00:47"]
[PlyCount "44"]
[TimeControl "2400+5"]

1. d4 d5 2. c4 e6 3. Nc3 c5 4. e3 Nf6 5. Nf3 Nc6 6. Be2 dxc4 7. Bxc4 a6 8.
a4 Be7 9. O-O O-O 10. Re1 Qc7 11. Qe2 b6 12. Rd1 Bb7 13. d5 exd5 14. Nxd5
Nxd5 15. Bxd5 Bf6 16. e4 Rfe8 17. g3 Nd4 18. Qd3 Bxd5 19. exd5 c4 20. Qa3
Be7 21. Bf4 Qb7 22. Qe3 Nc2 { White forfeits on time } 0-1

[Event "ICC tourney 2603 (40 5)"]
[Site "Internet Chess Club"]
[Date "2021.06.12"]
[Round "2"]
[White "SATHISH, PRANAV:K05-16464655"]
[Black "DUNIKOV, GLIB:K05-16572317"]
[Result "1/2-1/2"]
[ICCResult "Game drawn by mutual agreement"]
[WhiteElo "1762"]
[BlackElo "1502"]
[Opening "English: Anglo-Dutch defense"]
[ECO "A10"]
[NIC "HD.14"]
[Time "14:00:38"]
[PlyCount "123"]
[TimeControl "2400+5"]

1. c4 f5 2. Nc3 Nf6 3. g3 g6 4. Bg2 Bg7 5. d3 O-O 6. e4 fxe4 7. dxe4 d6 8.
Nge2 e5 9. O-O Be6 10. b3 Na6 11. h3 Qd7 12. Kh2 Rf7 13. Be3 Raf8 14. Qd2
Ne8 15. Rad1 h6 16. f4 Kh7 17. Nd5 c6 18. Ndc3 Rh8 19. Qc2 Kg8 20. c5 Qe7
21. cxd6 Nxd6 22. Qd2 Ne8 23. fxe5 Bxe5 24. Bd4 Qc7 25. Bxe5 Qxe5 26. Nf4
Kh7 27. Nxe6 Qxe6 28. Rxf7+ Qxf7 29. Qd7 Rf8 30. e5 Ng7 31. Ne4 Ne6 32.
Nf6+ Kg7 33. Rd6 Qxd7 34. Rxd7+ Rf7 35. Rd6 Re7 36. Bf1 Nac7 37. Bd3 Ng5
38. Ng4 Nf3+ 39. Kg2 Ne1+ 40. Kf2 Nxd3+ 41. Rxd3 Nd5 42. Ne3 Rxe5 43. Nc4
Re6 44. Na5 Re7 45. a3 Rf7+ 46. Rf3 Re7 47. Rd3 Nf6 48. Rd8 Ne4+ 49. Kg2
Ng5 50. h4 Ne4 51. Rb8 Nd6 52. Rd8 Nf5 53. Rb8 Re2+ 54. Kh3 b6 55. Nxc6 Re3
56. Rb7+ Kf6 57. Rxa7 Rxg3+ 58. Kh2 Rxb3 59. Ra4 Rc3 60. Nb4 Rc5 61. Ra6
Nxh4 62. Rxb6+ { Game drawn by mutual agreement } 1/2-1/2